 Dungeon Crawl Stone Soup version 0.30-a0-782-ge64f9170bb (webtiles) character file.

Game seed: 4678312206815909883

27972 theswoord the Lord of Darkness (level 13, -6/91 (101) HPs)
             Began as a Demonspawn Gladiator on Feb 18, 2023.
             Was the Champion of Kikubaaqudgha.
             Mangled by a pharaoh ant (32 damage)
             ... on level 3 of the Lair of Beasts.
             The game lasted 00:29:11 (11741 turns).

theswoord the Lord of Darkness (DsGl)              Turns: 11741, Time: 00:29:12

HP:   -6/91 (101)   AC: 14    Str: 25    XL:     13   Next: 7%
MP:   8/13          EV: 13    Int: 13    God:    Kikubaaqudgha [******]
Gold: 830           SH:  0    Dex: 16    Spells: 6/12 levels left

rFire   + + .      SeeInvis .    a - +1 quarterstaff (elec)
rCold   . . .      Faith    .    (shield currently unavailable)
rNeg    . . .      Spirit   .    K - +0 steam dragon scales
rPois   .          Reflect  .    d - +1 hat
rElec   .          Harm     .    n - +1 cloak
rCorr   .          Rampage  .    v - +0 pair of gloves
Will    .....                    O - +0 pair of boots
Stlth   +                        m - amulet of regeneration
HPRegen 1.15/turn                l - +4 ring of protection
MPRegen 0.26/turn                N - ring "Rueriumu" {rF++ Str+6 Int+4 Slay+3}

@: about to teleport, death channelling, drained
A: horns 2, spiny 3, magic regeneration
a: Renounce Religion, Unearth Wretches, Torment, Brand Weapon With Pain, Receive
Forbidden Knowledge


You were on level 3 of the Lair of Beasts.
You worshipped Kikubaaqudgha.
Kikubaaqudgha was exalted by your worship.
You visited 2 branches of the dungeon, and saw 16 of its levels.
You visited 1 bazaar.
You also visited: Ossuary and Gauntlet.

You collected 830 gold pieces.

Inventory:

Hand Weapons
 a - a +1 quarterstaff of electrocution (weapon)
 k - a +0 demon whip of freezing
Missiles
 b - a throwing net
 c - 4 javelins
Armour
 d - a +1 hat (worn)
 n - a +1 cloak (worn)
 r - a scarf of invisibility
 v - a +0 pair of gloves (worn)
 K - +0 steam dragon scales (worn)
 O - a +0 pair of boots (worn)
Jewellery
 l - a +4 ring of protection (left hand)
 m - an amulet of regeneration (around neck)
 q - an amulet of guardian spirit
 y - the ring of Jazojoxo {Ice rElec rN+}
   (You found it in a Gauntlet)

   [ring of ice]

   It enhances your ice magic.
   rF:        It makes you vulnerable to fire.
   rC:        It protects you from cold.
   rElec:     It insulates you from electricity.
   rN:        It protects you from negative energy.
 J - a ring of protection from fire
 N - the ring "Rueriumu" (right hand) {rF++ Str+6 Int+4 Slay+3}
   (You found it on level 11 of the Dungeon)

   [ring of strength]

   Str:       It affects your strength (+6).
   Int:       It affects your intelligence (+4).
   Slay:      It affects your accuracy & damage with ranged weapons and melee
   (+3).
   rF:        It greatly protects you from fire.
Wands
 f - a wand of charming (29)
 o - a wand of roots (13)
 u - a wand of quicksilver (19)
 w - a wand of mindburst (10)
Scrolls
 e - a scroll of immolation
 g - a scroll of poison
 i - a scroll of brand weapon
 j - 4 scrolls of blinking
 s - 2 scrolls of vulnerability
 t - a scroll of magic mapping
 A - 3 scrolls of amnesia
 C - 6 scrolls of teleportation
 H - 6 scrolls of identify
 I - 3 scrolls of enchant armour
 L - 3 scrolls of enchant weapon
Potions
 h - a potion of cancellation
 p - 2 potions of might
 x - a potion of resistance
 z - 5 potions of attraction
 B - 3 potions of mutation
 E - a potion of lignification
 F - 2 potions of ambrosia
 G - 5 potions of curing


   Skills:
 + Level 9.1 Fighting
 - Level 14.0 Staves
 - Level 1.7 Throwing
 - Level 2.6 Dodging
 + Level 15.3 Necromancy


You had 6 spell levels left.
You knew the following spells:

 Your Spells              Type           Power      Damage    Failure   Level
a - Death Channel         Necr           19%        N/A       9%          6

Your spell library contained the following spells:

 Spells                   Type           Power      Damage    Failure   Level
 Kiss of Death            Conj/Necr      76%        2d11      1%          1
 Necrotise                Necr           100%       1d9       1%          1
 Vampiric Draining        Necr           39%        2d8       1%          3
 Dispel Undead            Necr           39%        3d16      1%          4
 Agony                    Necr           39%        N/A       1%          5
 Cigotuvi's Dreadful Rot  Necr/Pois/Air  26%        N/A       6%          2
 Beastly Appendage        Tmut           0%         N/A       30%         1
 Slow                     Hex            0%         N/A       30%         1
 Borgnjor's Vile Clutch   Necr/Erth      9%         N/A       36%         5
 Wereblood                Tmut           0%         N/A       43%         2
 Confusing Touch          Hex            0%         N/A       67%         3
 Spider Form              Tmut/Pois      0%         N/A       67%         3
 Summon Guardian Golem    Hex/Summ       0%         N/A       67%         3
 Orb of Destruction       Conj           0%         9d5       100%        7
 Spellforged Servitor     Conj/Summ      0%         N/A       100%        7


Dungeon Overview and Level Annotations

Branches:
Dungeon (11/15)            Temple (0/1) D:7            Lair (5/5) D:11
 Shoals (0/4) Lair:2       Spider (0/4) Lair:3          Orc (0/2) D:9
Ossuary (visited)         Gauntlet (visited)
  Slime: Lair:4-5

Altars:
Dithmenos
Hepliaklqana
Kikubaaqudgha
Makhleb
Nemelex Xobeh
Ru
Sif Muna
Uskayaw
Xom
Yredelemnul

Shops:
D:10 ?

Annotations:
D:4 2 transporters, adozu's ghost, amateur OpTm
D:10 2 transporters
D:11 2 transporters, Jifobihuu's ghost, journeyman FoFi


Innate Abilities, Weirdness & Mutations

You have a pair of horns on your head.
You are completely covered in sharp spines.
You regenerate magic rapidly.


Message History

The pharaoh ant bites you!
You feel drained.
You hit the polar bear but do no damage.
The pharaoh ant is struck by your spines.
The pharaoh ant bites you!
You feel drained. The polar bear closely misses you.
The polar bear claws you but does no damage. x2
The yak gores you!
Okay, then.
Aim: a polar bear (lightly wounded, 79% to hit)
Okay, then.
Aim: a polar bear (lightly wounded, chance to affect: 49%)
The polar bear resists with some effort.
The pharaoh ant closely misses you. The polar bear misses you.
The polar bear claws you but does no damage.
The polar bear closely misses you. The yak is struck by your spines.
The yak gores you but does no damage. The yak is struck by your spines.
The yak closely misses you.
As you read the scroll of teleportation, it crumbles to dust.
You feel strangely unstable.
The pharaoh ant is struck by your spines.
The pharaoh ant bites you!
You feel drained. The yak is struck by your spines. The yak gores you.
The polar bear misses you. The polar bear barely misses you.
The polar bear claws you but does no damage.
The pharaoh ant bites you.
* * * LOW HITPOINT WARNING * * *
You feel drained.
* * * LOW HITPOINT WARNING * * *
The yak is struck by your spines. The yak misses you.
The polar bear is struck by your spines.
The polar bear bites you.
* * * LOW HITPOINT WARNING * * *
The polar bear barely misses you. The polar bear claws you.
* * * LOW HITPOINT WARNING * * *
The yak attacks as you move away! The yak gores you.
* * * LOW HITPOINT WARNING * * *
The yak attacks as you move away! The yak gores you!
* * * LOW HITPOINT WARNING * * *
The pharaoh ant is struck by your spines.
The pharaoh ant bites you!!
You die...
Kikubaaqudgha rasps: "You have failed me!
Welcome... death!"

.........#(............
....#....#........#....
.........#.......+.....
.....#...##........... #
.....#...##.......#. .#
..###....##......## ..#.
####.#....#####.## ...P.
..........#.####h##Y.....
...<............@.YY.....
................hBYS.....
.................Y.......
...........###.###.###...
#..##.......... .. .. #.#
#......... ..# # ..
....#.... ... .. ....#..#
>..#


You could see 2 polar bears, 5 yaks, a pharaoh ant and a water moccasin.

Vanquished Creatures
  Gastronok (Lair:1)
  A balrug (Gauntlet)
  A minotaur (Gauntlet)
  A hydra (Lair:4)
  2 two-headed ogres (D:10)
  A fire crab (Gauntlet)
  Pikel (D:5)
  An oklob plant (Lair:4)
  A manticore (D:11)
  An ugly thing (D:8)
  A water nymph (Lair:2)
  2 black mambas
  5 cane toads
  3 unseen horrors (D:11)
  3 komodo dragons
  A troll (D:11)
  A hornet (D:4)
  5 blink frogs (Lair:1)
  A jumping spider (Lair:3)
  A shadow (D:8)
  A wraith (D:10)
  3 fire bats (Gauntlet)
  48 yaks
  2 steam dragons (D:8)
  3 wargs (D:11)
  2 acid dragons
  3 hell hounds (Gauntlet)
  6 water moccasins
  11 orc warriors
  A black bear (D:4)
  A sky beast (D:7)
  6 wolves
  7 centaurs
  2 lemures (D:5)
  3 phantoms
  A kobold brigand (D:9)
  7 bullfrogs
  2 necrophages
  2 gnoll sergeants (D:5)
  9 scorpions
  5 wights (D:8)
  5 killer bees
  4 howler monkeys
  An electric eel (Lair:2)
  A centaur zombie (Ossuary)
  2 human zombies (Ossuary)
  5 jellies
  4 hounds
  11 orc priests
  14 orc wizards
  4 scorpion zombies (Ossuary)
  10 iguanas
  Natasha (thrice) (D:3)
  3 mummies (Ossuary)
  6 gnolls
  9 adders
  2 ufetubi
  3 dart slugs
  55 orcs
  2 bats (D:1)
  4 endoplasms
  3 giant cockroaches
  8 goblins
  8 hobgoblins
  4 jackals (D:4)
  A quokka (D:3)
  11 ball pythons
  12 frilled lizards
  3 gnoll zombies (Ossuary)
  A goblin zombie (Ossuary)
  A hobgoblin zombie (Ossuary)
  11 kobolds
  2 kobold zombies (Ossuary)
  2 orc zombies (Ossuary)
  4 rats
378 creatures vanquished.

Vanquished Creatures (collateral kills)
  3 yaks
3 creatures vanquished.

Vanquished Creatures (others)
  A killer bee (D:11)
  7 fungi
  45 plants
53 creatures vanquished.

Grand Total: 434 creatures vanquished

Notes
Turn   | Place    | Note
-------+----------+-------------------------------------------
     0 | D:1      | theswoord the Demonspawn Gladiator began the quest for the
                  | Orb.
     0 | D:1      | Reached XP level 1. HP: 16/16 MP: 1/1
   172 | D:1      | Gained mutation: You are partially covered in sharp spines.
                  | [demonic ancestry]
   172 | D:1      | Reached XP level 2. HP: 22/22 MP: 2/2
   813 | D:2      | Gained mutation: You are mostly covered in sharp spines.
                  | [demonic ancestry]
   813 | D:2      | Reached XP level 3. HP: 12/27 MP: 3/3
  1170 | D:2      | Reached XP level 4. HP: 33/33 MP: 4/4
  1176 | D:2      | Identified the +2 sling of Ubujec {antimagic, rN+ Will+
                  | Str+4}
  1631 | D:3      | Found an ancient bone altar of Kikubaaqudgha.
  1707 | D:3      | Became a worshipper of Kikubaaqudgha
  1758 | D:3      | Found a shadowy altar of Dithmenos.
  1887 | D:3      | Noticed Natasha
  1892 | D:3      | Killed Natasha
  1893 | D:3      | Reached skill level 1 in Necromancy
  1902 | D:3      | Identified the +4 sling "Loopy" {flame, rF+ Dex+3}
  2174 | D:3      | Noticed Natasha
  2176 | D:3      | Killed Natasha
  2177 | D:3      | Reached skill level 5 in Staves
  2177 | D:3      | Gained mutation: You regenerate magic rapidly. [demonic
                  | ancestry]
  2177 | D:3      | Reached XP level 5. HP: 38/38 MP: 5/5
  2370 | D:3      | Noticed Natasha
  2380 | D:3      | Killed Natasha
  2381 | D:3      | Reached skill level 2 in Necromancy
  2427 | D:4      | Noticed a black bear
  2435 | D:4      | Killed a black bear
  2436 | D:4      | Reached skill level 3 in Necromancy
  2436 | D:4      | Reached XP level 6. HP: 37/44 MP: 6/6
  2517 | D:4      | Reached * piety under Kikubaaqudgha
  2517 | D:4      | Received a gift from Kikubaaqudgha
  2769 | D:4      | Noticed a hornet
  2782 | D:4      | Paralysed by a hornet for 3 turns
  2787 | D:4      | Killed a hornet
  2788 | D:4      | Reached skill level 4 in Necromancy
  2788 | D:4      | Reached XP level 7. HP: 26/50 MP: 2/7
  3020 | D:4      | Found a transporter.
  3020 | D:4      | Noticed adozu's ghost (amateur OpTm)
  3068 | D:4      | Found a transporter.
  3072 | D:4      | Reached skill level 5 in Necromancy
  3541 | D:5      | Entered Level 5 of the Dungeon
  3601 | D:5      | Noticed Pikel
  3618 | D:5      | Killed Pikel
  3619 | D:5      | Reached skill level 7 in Necromancy
  3619 | D:5      | Gained mutation: You are completely covered in sharp
                  | spines. [demonic ancestry]
  3619 | D:5      | Reached XP level 8. HP: 31/56 MP: 8/8
  3678 | D:5      | Reached ** piety under Kikubaaqudgha
  3709 | D:5      | Found a sand-covered staircase.
  3720 | Ossuary  | Entered an ossuary
  3786 | Ossuary  | Reached skill level 8 in Necromancy
  3874 | Ossuary  | Reached XP level 9. HP: 61/61 MP: 9/9
  4109 | D:5      | Found a sparkling altar of Nemelex Xobeh.
  4224 | D:5      | Reached skill level 9 in Necromancy
  4229 | D:5      | Reached *** piety under Kikubaaqudgha
  4229 | D:5      | Received a gift from Kikubaaqudgha
  5008 | D:7      | Reached skill level 10 in Necromancy
  5098 | D:7      | Reached skill level 10 in Staves
  5118 | D:7      | Reached XP level 10. HP: 27/67 MP: 10/10
  5212 | D:7      | Reached **** piety under Kikubaaqudgha
  5376 | D:7      | Reached skill level 11 in Necromancy
  5378 | D:7      | Found a shimmering altar of Xom.
  5378 | D:7      | Found a shimmering altar of Xom.
  5455 | D:7      | Found a shimmering altar of Xom.
  5456 | D:7      | Found a shimmering altar of Xom.
  5456 | D:7      | Found a shimmering altar of Xom.
  5488 | D:7      | Found a staircase to the Ecumenical Temple.
  5902 | D:8      | Learned a level 6 spell: Death Channel
  6211 | D:8      | Found a basalt altar of Yredelemnul.
  6215 | D:8      | Noticed a green ugly thing
  6228 | D:8      | Killed a green ugly thing
  6236 | D:8      | Reached skill level 12 in Necromancy
  6489 | D:9      | Gained mutation: You have a pair of small horns on your
                  | head. [demonic ancestry]
  6489 | D:9      | Reached XP level 11. HP: 65/74 MP: 11/11
  6491 | D:9      | Reached ***** piety under Kikubaaqudgha
  6506 | D:9      | Found a staircase to the Orcish Mines.
  6573 | D:9      | Found a burning altar of Makhleb.
  6852 | D:9      | Found a hide-covered altar of Uskayaw.
  6954 | D:10     | Entered Level 10 of the Dungeon
  6984 | D:10     | Found Jubra's Magic Scroll Shoppe.
  7077 | D:10     | Noticed a two-headed ogre
  7089 | D:10     | Killed a two-headed ogre
  7098 | D:10     | Found a hazy altar of Hepliaklqana.
  7099 | D:10     | Found a shimmering blue altar of Sif Muna.
  7100 | D:10     | Found a sacrificial altar of Ru.
  7208 | D:10     | Noticed a two-headed ogre
  7215 | D:10     | Killed a two-headed ogre
  7500 | D:10     | Found a transporter.
  7525 | D:10     | Found a transporter.
  7525 | D:10     | Noticed a red ugly thing
  7605 | D:10     | Reached skill level 13 in Necromancy
  7708 | D:10     | Noticed a rakshasa
  7976 | D:11     | Noticed a tengu warrior
  7977 | D:11     | Noticed a yaktaur captain
  7977 | D:11     | Noticed a centaur warrior
  7981 | D:11     | Noticed Jifobihuu's ghost (journeyman FoFi)
  7982 | D:11     | Noticed a two-headed ogre
  7985 | D:11     | Found a transporter.
  7994 | D:11     | Found a transporter.
  8108 | D:11     | Reached skill level 5 in Fighting
  8230 | D:11     | Found a flickering gateway to a bazaar.
  8236 | Bazaar   | Entered a bazaar
  8236 | Bazaar   | Found Baxugo's Weapon Boutique.
  8236 | Bazaar   | Found Cilum's Armour Shop.
  8236 | Bazaar   | Found Nol Doali's Weapon Shop.
  8295 | D:11     | Identified the ring "Rueriumu" {rF++ Str+6 Int+4 Slay+3}
  8659 | D:11     | Found a staircase to the Lair.
  8875 | Lair:1   | Entered Level 1 of the Lair of Beasts
  8875 | Lair:1   | Noticed Gastronok
  8931 | Lair:1   | Killed Gastronok
  8932 | Lair:1   | Reached XP level 12. HP: 32/87 MP: 12/12
  9921 | Lair:2   | Reached skill level 14 in Necromancy
  9991 | Lair:2   | Reached ****** piety under Kikubaaqudgha
 10036 | Lair:2   | Found a gate leading to a gauntlet.
 10051 | Gauntlet | Entered a Gauntlet
 10051 | Gauntlet | Found a transporter.
 10051 | Gauntlet | Found a transporter.
 10052 | Gauntlet | Found a transporter.
 10052 | Gauntlet | Noticed a balrug
 10055 | Gauntlet | Found a transporter.
 10065 | Gauntlet | Found a transporter.
 10069 | Gauntlet | Noticed a catoblepas
 10131 | Gauntlet | Found a transporter.
 10145 | Gauntlet | Found a transporter.
 10156 | Gauntlet | Found a transporter.
 10166 | Gauntlet | Found a transporter.
 10181 | Gauntlet | Found a transporter.
 10187 | Gauntlet | Found a transporter.
 10212 | Gauntlet | Found a transporter.
 10422 | Gauntlet | Killed a balrug
 10524 | Gauntlet | Noticed a minotaur
 10535 | Gauntlet | Killed a minotaur
 10541 | Gauntlet | Identified the ring of Jazojoxo {Ice rElec rN+}
 11425 | Lair:3   | Reached skill level 15 in Necromancy
 11514 | Lair:3   | You fall into a shaft and drop 2 floors!
 11514 | Lair:5   | Entered Level 5 of the Lair of Beasts
 11596 | Lair:4   | Gained mutation: You have a pair of horns on your head.
                  | [demonic ancestry]
 11596 | Lair:4   | Reached XP level 13. HP: 95/100 MP: 13/13
 11731 | Lair:3   | Found a hole to the Spider Nest.
 11741 | Lair:3   | Mangled by a pharaoh ant

Skill      XL: |  1  2  3  4  5  6  7  8  9 10 11 12 13 |
---------------+----------------------------------------+-----
Staves         | 3 4 5 6 7 8 10 11 13 14 | 14.0
Necromancy     | 1 3 4 7 8 10 12 13 15 | 15.3
Fighting       | 5 8 9 |  9.1
Throwing       | |  1.7
Dodging        | |  2.6

Action                     |  1- 3 |  4- 6 |  7- 9 | 10-12 | 13-15 || total
---------------------------+-------+-------+-------+-------+-------++-------
  Melee: Quarterstaff      |    64 |    77 |   262 |   562 |    17 ||   982
         Headbutt          |       |       |       |    99 |     4 ||   103
  Throw: Throwing net      |     1 |       |       |     3 |       ||     4
   Cast: Death Channel     |       |       |       |     7 |     1 ||     8
  Evoke: Wand              |       |       |       |       |     1 ||     1
    Use: Scroll            |     8 |       |     7 |     6 |     1 ||    22
         Potion            |       |     3 |     5 |     7 |       ||    15
   Stab: Invisible         |       |       |     4 |       |       ||     4
         Sleeping          |       |       |       |     2 |       ||     2
         Held in net/web   |       |       |       |     1 |       ||     1
 Armour: Scale mail        |    22 |    38 |    96 |    27 |       ||   183
         Leather armour    |     1 |       |       |       |       ||     1
         Skin              |       |    35 |   106 |       |       ||   141
         Steam dragon scal |       |       |       |   171 |     9 ||   180
  Dodge: Dodged            |    35 |    42 |   107 |   245 |    16 ||   445

Levels and vault maps discovered:
D:1:      nicolae_arrival_washed_ashore, layout_loops_ring,
          hangedman_abyss_or_decor_stabs
D:2:      layout_rooms, basic_altar, nicolae_eternal_life, grunt_ministairs_14,
          minmay_misc_feat_x, st_stairs_11
D:3:      layout_basic, lemuel_tele_altar, general_overflow_altar, uniq_natasha
D:4:      layout_layer_cave, gammafunk_ghost_arena, minmay_lizard_king
D:5:      layout_basic, nemelex_xobeh_ov_fountains_minmay,
          nicolae_ossuary_entry_monument, st_stairs_4, minmay_misc_feat_tower,
          serial_bayou_lagoon_a, nicolae_grassy_gnolls, uniq_pikel
D:6:      layout_rooms
D:7:      layout_loops_ring, xom_shifter_show, temple_pool_b,
          grunt_decor_junction, corexii_item_surrounded_by_moat,
          chequers_serial_rivers_small_a
D:8:      layout_rooms, mainiacjoe_overflow_24_doors, hangedman_decor_slide_cut
D:9:      layout_basic, lemuel_crystal_altar, nicolae_overflow_crystal_walls,
          david_orc_5
D:10:     layout_loops_corners, marbit_many_paths,
          chequers_temple_overflow_statue_of_worship,
          gammafunk_ghost_abyssal_escape, serial_shops,
          nicolae_shop_competitors_out_of_business, grunt_ministairs_4
D:11:     layout_long_grid, erik_lair_orcish_takeover, serial_shops,
          bzr_entry_safe, gammafunk_ghost_arena
Lair:1:   layout_regular_city, grunt_megastairs_3, serial_bayou_shore_b,
          uniq_gastronok
Lair:2:   layout_cave_pods, nicolae_shoals_entry_flooding,
          gauntlet_entry_generic
Lair:3:   layout_regular_city, nicolae_spider_entry_lesser_pyramids,
          pdpol_lair_cavern_descent, serial_bayou_shore_b
Lair:4:   hangedman_what_comes_after_a, layout_cave_pods, slime_entry_1,
          infiniplex_staircase_pool
Lair:5:   minmay_lair_end_enchanted_forest, layout_concentric_octagons
